 Dungeon Crawl Stone Soup version 0.20.0-15-g7f486f2 (webtiles) character file.

1006 Karian the Cudgeler (level 8, 0/70 HPs)
             Began as a Hill Orc Berserker on June 9, 2017.
             Was a Priest of Trog.
             Succumbed to a scorpion's poison
             ... on level 6 of the Dungeon.
             The game lasted 00:24:34 (2717 turns).

Karian the Cudgeler (Hill Orc Berserker)            Turns: 2717, Time: 00:24:36

Health: 0/70       AC:  7    Str: 22    XL:     8   Next: 20%
Magic:  8/8        EV: 11    Int:  7    God:    Trog [***...]
Gold:   145        SH:  0    Dex: 10    Spells: 7/7 levels left

rFire    . . .     SeeInvis .   a - +0 mace
rCold    . . .     Gourm    .   (no shield)
rNeg     . . .     Faith    .   f - +0 scale mail
rPois    .         Spirit   .   (no helmet)
rElec    .         Reflect  .   (no cloak)
rCorr    .         Harm     .   (no gloves)
MR       .....                  (no boots)
Stlth    ..........             (no amulet)
Regen    0.3/turn               (no ring)
MPRegen  0.2/turn               (no ring)

@: lethally poisoned (0 -> -9), berserk cooldown, slowed, very slow
A: no striking features
a: Berserk, Trog's Hand, Burn Spellbooks, Renounce Religion


You were on level 6 of the Dungeon.
You worshipped Trog.
Trog was most pleased with you.
You were very hungry.

You visited 1 branch of the dungeon, and saw 6 of its levels.
You also visited: Sewer.

You collected 145 gold pieces.

Inventory:

Hand Weapons
 a - a +0 mace (weapon)
 h - a +0 short sword
 x - a +0 shortbow
 A - a +0 longbow
 H - a +0 mace
Missiles
 s - 65 arrows
 E - 11 poisoned needles
 F - 2 exploding tomahawks (quivered)
Armour
 b - a +0 animal skin
 f - a +0 scale mail (worn)
 m - a +0 leather armour
 q - a +0 plate armour
 G - a +0 ring mail
Wands
 j - a wand of digging (7/24)
 D - a wand of lightning (8/15)
Scrolls
 e - 7 scrolls of identify {unknown}
 l - a scroll of enchant armour {unknown}
 o - 2 scrolls of blinking {unknown}
 r - a scroll of remove curse {unknown}
 t - 2 scrolls of teleportation {unknown}
 y - a scroll of immolation {unknown}
 B - a scroll of enchant weapon {unknown}
 C - a scroll of fear {unknown}
Potions
 g - a potion of curing
 i - a potion of agility {unknown}
 n - 2 potions of heal wounds {unknown}
 p - a potion of flight {unknown}
 v - a potion of haste {unknown}
 z - a potion of lignification {unknown}
Comestibles
 c - 5 bread rations
 d - 2 royal jellies
 k - 4 meat rations
 u - 3 fruits
 w - 3 chunks of flesh


   Skills:
 + Level 6.1 Fighting
 + Level 6.9 Maces & Flails
 + Level 5.8 Armour
 + Level 2.9 Dodging
 + Level 1.0 Stealth


You had 7 spell levels left.
You didn't know any spells.

Dungeon Overview and Level Annotations

Branches:
Dungeon (6/15)
 Temple: D:4-7

Altars:


Message History

You feel yourself moving faster!
You feel mighty!
You are feeling very hungry.
* * * LOW HITPOINT WARNING * * *
You feel sick.
The scorpion stings you but does no damage.
You sock the scorpion!
You kill the scorpion!
Trog accepts your kill.
* * * LOW HITPOINT WARNING * * *
You feel sick.
* * * LOW HITPOINT WARNING * * *
You feel sick.
You feel a strong urge to attack something.
You see here 14 gold pieces.
* * * LOW HITPOINT WARNING * * *
You feel sick.
You feel your anger subside.
You are no longer berserk.
You are exhausted.
You feel yourself slow down.
You die...

######.....###.........
##...........##........#
...............#........#
.........[.....#.........
...............#.###...#.
........<......#. ###...
.....%.........# #..
..............#. ..
........@....... .#
......$......... ..
.##............. #
##............
##...........
###......... ##........
......... ...#...


There were no monsters in sight!

Vanquished Creatures
  Sigmund (D:2)
  A necrophage (D:5)
  3 centaurs (D:5)
  A big kobold (Sewer)
  A scorpion (D:6)
  A hound (D:4)
  6 worker ants
  2 hound skeletons
  A howler monkey zombie (D:5)
  A howler monkey skeleton (D:5)
  6 adders
  3 shadow imps
  A worm (D:5)
  2 dart slugs (D:2)
  5 leopard geckos
  12 orcs
  6 bats
  7 giant cockroaches
  3 goblins
  A hobgoblin (D:2)
  3 jackals (D:6)
  5 kobolds
  3 quokkas
  2 ball pythons
  11 frilled lizards
  A giant cockroach zombie (D:5)
  2 jackal skeletons
  2 rats
  A plant (D:1)
94 creatures vanquished.

Notes
Turn   | Place    | Note
-------+----------+-------------------------------------------
     0 | D:1      | Karian the Hill Orc Berserker began the quest for the Orb.
     0 | D:1      | Reached XP level 1. HP: 19/19 MP: 1/1
   417 | D:2      | Reached XP level 2. HP: 16/27 MP: 2/2
   476 | D:2      | Reached XP level 3. HP: 20/33 MP: 3/3
   779 | D:2      | Noticed Sigmund
   797 | D:2      | Killed Sigmund
   797 | D:2      | Reached skill level 5 in Fighting
   797 | D:2      | Reached XP level 4. HP: 42/42 MP: 4/4
   797 | D:2      | Reached XP level 5. HP: 48/48 MP: 5/5
   971 | D:1      | Reached ** piety under Trog
  1158 | D:1      | Reached skill level 5 in Maces & Flails
  1181 | D:1      | Reached XP level 6. HP: 56/56 MP: 6/6
  1397 | D:4      | Found a glowing drain.
  1417 | Sewer    | Entered a sewer
  1847 | D:5      | Entered Level 5 of the Dungeon
  2096 | D:4      | Reached XP level 7. HP: 50/61 MP: 7/7
  2112 | D:4      | Reached *** piety under Trog
  2206 | D:5      | Reached skill level 5 in Armour
  2277 | D:6      | Received a gift from Trog
  2585 | D:5      | Reached skill level 1 in Stealth
  2585 | D:5      | Reached XP level 8. HP: 16/70 MP: 8/8
  2698 | D:6      | HP: 1/70 [scorpion (5)]
  2711 | D:6      | HP: 3/70 [scorpion (4)]
  2716 | D:6      | HP: 1/105 [poisoned by a scorpion]
  2717 | D:6      | Succumbed to a scorpion's poison

Skill      XL: |  1  2  3  4  5  6  7  8 |
---------------+-------------------------+-----
Fighting       | 4 5 6 |  6.1
Maces & Flails | 4 5 6 |  6.9
Armour         | 3 4 5 |  5.8
Dodging        | 2 |  2.9
Stealth        | 1 |  1.0

Action                   |  1- 3 |  4- 6 |  7- 9 || total
-------------------------+-------+-------+-------++-------
Melee: Mace              |    71 |   163 |   154 ||   388
Invok: Berserk           |     2 |     4 |     4 ||    10
  Use: Potion            |       |       |     3 ||     3
  Eat: Chunk             |     1 |     8 |     5 ||    14
Armor: Animal skin       |     7 |       |       ||     7
       Scale mail        |    18 |    75 |    63 ||   156
Dodge: Dodged            |    40 |   101 |   102 ||   243
